 Dungeon Crawl Stone Soup version 0.19-a0-1720-gc855d72 (webtiles) character file.

20796 hairmachine the Bludgeoner (level 12, -12/216 HPs)
             Began as an Ogre Berserker on Sept 29, 2016.
             Was a High Priest of Trog.
             Mangled by an eight-headed hydra (16 damage)
             ... on level 5 of the Lair of Beasts.
             The game lasted 00:39:02 (14984 turns).

hairmachine the Bludgeoner (Ogre Berserker)        Turns: 14984, Time: 00:39:03

Health: -12/216    AC:  5    Str: 31    XL:     12   Next: 83%
Magic:  12/12      EV: 15    Int:  6    God:    Trog [*****.]
Gold:   586        SH:  0    Dex: 18    Spells: 0 memorised, 11 levels left

rFire  . . .     SeeInvis .     G - +0 giant club
rCold  + . .     Gourm    .     b - +0 animal skin
rNeg   . . .     Faith    .     (shield currently unavailable)
rPois  .         Spirit   .     (helmet restricted)
rElec  .         Dismiss  .     M - +0 cloak
rCorr  .         Reflect  .     (gloves unavailable)
MR     +++..     Harm     .     (boots unavailable)
Stlth  ..........               H - amulet of the Tick {rC+ Regen+}
                                t - ring of flight
                                E - +6 ring of dexterity

@: berserking (expiring), regenerating, very quick
A: unfitting armour, screaming 1, tough skin 1
a: Berserk, Trog's Hand, Brothers in Arms, Burn Spellbooks, Renounce Religion,
Evoke Flight


You were on level 5 of the Lair of Beasts.
You worshipped Trog.
Trog was extremely pleased with you.
You were not hungry.

You visited 2 branches of the dungeon, and saw 13 of its levels.

You collected 586 gold pieces.

Inventory:

Hand Weapons
 a - a +0 mace
 B - a +1 whip of distortion
 G - a +0 giant club (weapon)
Missiles
 o - 351 stones (quivered)
 D - a throwing net
Armour
 b - a +0 animal skin (worn)
 M - a +0 cloak (worn)
Jewellery
 h - an uncursed ring of protection from cold
 t - a ring of flight (right hand)
 E - a +6 ring of dexterity (left hand)
 H - the amulet of the Tick (around neck) {rC+ Regen+}
   (You found it on level 1 of the Lair of Beasts)

   [amulet of regeneration]

   It protects you from cold.
   It increases your rate of regeneration.
Wands
 v - a wand of lightning (8/15)
 L - a wand of enslavement (9/24)
Scrolls
 k - 2 scrolls of magic mapping
 m - 5 scrolls of remove curse
 p - a scroll of fear {unknown}
 q - 4 scrolls of recharging {unknown}
 r - a scroll of blinking {unknown}
 u - 3 scrolls of enchant armour {unknown}
 w - 3 scrolls of amnesia {unknown}
 y - 3 scrolls of teleportation {unknown}
 F - a scroll of immolation {unknown}
 J - a scroll of enchant weapon {unknown}
 K - a scroll of noise {unknown}
 O - a scroll of identify
Potions
 d - a potion of beneficial mutation {unknown}
 e - a potion of ambrosia {unknown}
 f - 3 potions of lignification
 j - 3 potions of heal wounds
 l - 4 potions of curing
 n - a potion of berserk rage {unknown}
 x - 2 potions of invisibility {unknown}
 z - 2 potions of haste
 C - a potion of mutation {unknown}
Books
 s - a Young Poisoner's Handbook

   Spells                             Type                      Level
   a - Sting                          Conjuration/Poison           1
   b - Mephitic Cloud                 Conjuration/Poison/Air       3
   c - Olgreb's Toxic Radiance        Poison                       4
   d - Alistair's Intoxication        Transmutation/Poison         5
   e - Venom Bolt                     Conjuration/Poison           5
   Trog disapproves of the use of such an item.
 A - a book of Party Tricks

   Spells                             Type                      Level
   a - Summon Butterflies             Summoning                    1
   b - Apportation                    Translocation                1
   c - Tukima's Dance                 Hexes                        3
   d - Alistair's Intoxication        Transmutation/Poison         5
   e - Invisibility                   Hexes                        6
   Trog disapproves of the use of such an item.
 N - a book of Misfortune

   Spells                             Type                      Level
   a - Confusing Touch                Hexes                        1
   b - Confuse                        Hexes                        3
   c - Gell's Gravitas                Hexes/Translocation          3
   d - Petrify                        Transmutation/Earth          4
   e - Metabolic Englaciation         Hexes/Ice                    5
   f - Yara's Violent Unravelling     Hexes/Transmutation          5
   Trog disapproves of the use of such an item.
Comestibles
 c - 11 bread rations
 i - 4 meat rations
 I - 6 fruits


   Skills:
 - Level 16.0 Fighting
 + Level 18.0 Maces & Flails
 + Level 7.8 Dodging


You had 11 spell levels left.
You didn't know any spells.

Dungeon Overview and Level Annotations

Branches:
Dungeon (8/15)             Temple (0/1) D:4            Lair (5/6) D:8
  Swamp (0/4) Lair:2        Snake (0/4) Lair:3
  Slime: Lair:5-6

Altars:
Cheibriados
Dithmenos
Hepliaklqana
Makhleb
Nemelex Xobeh
Xom

Annotations:
Lair:1 exclusions: oklob plant and 1 more exclusion


Innate Abilities, Weirdness & Mutations

You are too large for most types of armour.
You have tough skin. (AC +1)
You occasionally shout uncontrollably at your foes.


Message History

The eight-headed hydra closely misses you.
The eight-headed hydra bites you!
* * * LOW HITPOINT WARNING * * *
The eight-headed hydra bites you but does no damage.
The eight-headed hydra barely misses you.
The eight-headed hydra bites you but does no damage.
You sock the eight-headed hydra!
The eight-headed hydra is moderately wounded.
You sock the eight-headed hydra!
The eight-headed hydra is heavily wounded.
The eight-headed hydra bites you!
* * * LOW HITPOINT WARNING * * *
The eight-headed hydra bites you!
* * * LOW HITPOINT WARNING * * *
The eight-headed hydra bites you.
* * * LOW HITPOINT WARNING * * *
The eight-headed hydra misses you. The eight-headed hydra bites you.
* * * LOW HITPOINT WARNING * * *
The eight-headed hydra bites you!
You die...

... #..#
##..#
...##
... #..
#.##
###D.#
#@#<##
##D.##
### ..##
##..##
#PP#%..
##.#.#
......##
#P..##
......#
##..#
....P#
##.##
#....#
#..##
##....#
##..#


You could see an eight-headed hydra.

Vanquished Creatures
  The ghost of kae the Carver, a journeyman FoFi of Makhleb (Lair:3)
  A fire dragon (Lair:1)
  2 death yaks
  The ghost of kae the Carver, a novice FoFi of Makhleb (D:7)
  5 elephants (Lair:2)
  2 black mambas
  6 spiny frogs
  6 komodo dragons
  9 blink frogs (Lair:3)
  6 hippogriffs
  Eustachio (D:5)
  A spriggan (D:7)
  A basilisk (Lair:4)
  22 yaks
  A hungry ghost (D:7)
  4 nagas (Lair:3)
  5 water moccasins
  8 porcupines
  An orc warrior (D:7)
  A black bear (D:7)
  2 sky beasts
  A necrophage (D:6)
  6 wolves (Lair:4)
  3 ogres (D:8)
  4 crocodiles
  Blork the orc (D:5)
  14 bullfrogs
  2 scorpions
  2 howler monkeys
  A crimson imp (D:7)
  An orc priest (D:4)
  2 bullfrog zombies
  5 hounds
  7 orc wizards
  5 iguanas
  4 worker ants
  A hound zombie (D:6)
  A hound skeleton (D:8)
  7 gnolls
  9 adders
  11 river rats
  3 shadow imps
  3 oozes
  2 adder skeletons (D:4)
  3 worms
  2 dart slugs
  4 leopard geckos
  26 orcs
  8 giant cockroaches
  11 goblins
  5 hobgoblins
  14 jackals
  8 kobolds
  3 quokkas
  5 ball pythons
  7 bats
  9 frilled lizards
  A jackal zombie (D:6)
  10 rats
297 creatures vanquished.

Vanquished Creatures (others)
  A crimson imp (D:7)
  An orc wizard (D:7)
  A hound (D:6)
  A gnoll (D:5)
  An adder zombie (D:6)
  2 orcs (D:6)
  A jackal (D:6)
  8 fungi
16 creatures vanquished.

Grand Total: 313 creatures vanquished

Notes
Turn   | Place    | Note
-------+----------+-------------------------------------------
     0 | D:1      | hairmachine the Ogre Berserker began the quest for the Orb.
     0 | D:1      | Reached XP level 1. HP: 24/24 MP: 1/1
   265 | D:1      | Reached XP level 2. HP: 32/32 MP: 2/2
   385 | D:1      | Reached skill level 5 in Maces & Flails
   633 | D:1      | Reached XP level 3. HP: 37/39 MP: 3/3
   734 | D:1      | You fall through a shaft!
   753 | D:2      | Reached ** piety under Trog
  1226 | D:1      | Reached skill level 6 in Maces & Flails
  1650 | D:2      | Reached XP level 4. HP: 48/48 MP: 4/4
  2217 | D:3      | Reached skill level 7 in Maces & Flails
  2217 | D:3      | Reached XP level 5. HP: 54/54 MP: 5/5
  2981 | D:3      | Reached skill level 8 in Maces & Flails
  3226 | D:3      | Found a snail-covered altar of Cheibriados.
  3358 | D:3      | Found a sparkling altar of Nemelex Xobeh.
  3358 | D:3      | Found a shadowy altar of Dithmenos.
  3464 | D:4      | Found a staircase to the Ecumenical Temple.
  3669 | D:4      | Found a burning altar of Makhleb.
  3751 | D:4      | Reached XP level 6. HP: 47/62 MP: 6/6
  3887 | D:4      | Reached skill level 9 in Maces & Flails
  4078 | D:4      | Reached *** piety under Trog
  4490 | D:5      | Entered Level 5 of the Dungeon
  4665 | D:5      | Noticed Blork the orc
  4688 | D:5      | Killed Blork the orc
  4688 | D:5      | Reached skill level 10 in Maces & Flails
  4688 | D:5      | Reached XP level 7. HP: 70/70 MP: 7/7
  4744 | D:5      | Noticed Eustachio
  4766 | D:5      | Killed Eustachio
  4859 | D:5      | Reached skill level 11 in Maces & Flails
  5448 | D:6      | Reached skill level 12 in Maces & Flails
  5448 | D:6      | Reached XP level 8. HP: 78/78 MP: 8/8
  5749 | D:6      | Found a shimmering altar of Xom.
  5867 | D:6      | Reached skill level 5 in Fighting
  6021 | D:6      | Reached **** piety under Trog
  6570 | D:7      | Noticed kae's ghost (novice FoFi)
  6594 | D:7      | Killed kae's ghost
  6594 | D:7      | Reached skill level 5 in Dodging
  6594 | D:7      | Reached XP level 9. HP: 96/96 MP: 9/9
  7406 | D:8      | Reached ***** piety under Trog
  7447 | D:8      | Found a staircase to the Lair.
  7932 | D:8      | Reached skill level 10 in Fighting
  7932 | D:8      | Reached XP level 10. HP: 93/110 MP: 10/10
  8061 | Lair:1   | Entered Level 1 of the Lair of Beasts
  8064 | Lair:1   | Reached skill level 13 in Maces & Flails
  8580 | Lair:1   | Reached skill level 14 in Maces & Flails
  8736 | Lair:1   | Noticed a black mamba
  8746 | Lair:1   | Killed a black mamba
  9068 | Lair:1   | Got a twitching bone amulet
  9118 | Lair:1   | Noticed a spiny frog
  9140 | Lair:1   | Killed a spiny frog
  9361 | Lair:1   | Noticed a spiny frog
  9375 | Lair:1   | Killed a spiny frog
  9375 | Lair:1   | Reached XP level 11. HP: 89/126 MP: 11/11
  9574 | Lair:1   | Identified the amulet of the Tick {rC+ Regen+} (You found it on level 1 of the Lair of Beasts)
  9615 | Lair:1   | Found a hazy altar of Hepliaklqana.
  9615 | Lair:1   | Noticed an oklob plant
  9860 | Lair:1   | Noticed a fire dragon
  9880 | Lair:1   | Killed a fire dragon
  9880 | Lair:1   | Reached skill level 15 in Maces & Flails
 10635 | Lair:2   | Reached skill level 16 in Maces & Flails
 10843 | Lair:2   | Got a ripped robe
 10854 | Lair:2   | Identified the cursed -5 robe of Misfortune {-Cast *Contam *Tele *Drain EV-5 Stlth-- *Curse} (You found it on level 2 of the Lair of Beasts)
 10863 | Lair:2   | Gained mutation: You occasionally shout uncontrollably at your foes. [mutagenic glow]
 10924 | Lair:2   | Found a staircase to the Swamp.
 11360 | Lair:2   | Reached XP level 12. HP: 139/140 MP: 12/12
 11712 | Lair:3   | Reached skill level 15 in Fighting
 11995 | Lair:3   | Found a staircase to the Snake Pit.
 12207 | Lair:3   | Noticed kae's ghost (journeyman FoFi)
 12243 | Lair:3   | Killed kae's ghost
 12321 | Lair:3   | Reached skill level 17 in Maces & Flails
 14128 | Lair:4   | Received a gift from Trog
 14890 | Lair:5   | Noticed a death yak
 14890 | Lair:5   | Noticed an eight-headed hydra
 14890 | Lair:5   | Noticed a death yak
 14922 | Lair:4   | Killed a death yak
 14979 | Lair:5   | Killed a death yak
 14979 | Lair:5   | Reached skill level 18 in Maces & Flails
 14984 | Lair:5   | HP: 10/216 [eight-headed hydra (13)]
 14984 | Lair:5   | HP: 4/216 [eight-headed hydra (2)]
 14984 | Lair:5   | Mangled by an eight-headed hydra

Vault maps used:
D:1:      mrwooster_arrival_arrow, minmay_pentomino_s4
D:2:      first_bread
D:3:      wad_river_or_something, lemuel_coloured_pillars_altar,
          amethyst_overflow_temple_binary
D:4:      bloody_makhleb
D:5:      uniq_blork_the_orc, uniq_eustachio
D:6:      portal_sewer_entry_e, xom_confusion_cloud
D:7:      the_bakery
D:8:      due_lair_maze_entry_diamond
Lair:1:   dragon1_lemuel, lemuel_oklob_altar
Lair:2:   swamp_mist_pool
Lair:3:   minmay_snake_entry_guardpost_small
Lair:4:   hibernation_bobbens, serial_bayou_shore_b, lemuel_fruit_fields,
          infiniplex_staircase_pool_2
Lair:5:   beast_lair_carwin_11, grunt_megastairs_1, uniq_nessos, uniq_josephine

Skill      XL: |  1  2  3  4  5  6  7  8  9 10 11 12 |
---------------+-------------------------------------+-----
Maces & Flails | 5 6 7 8 10 12 14 16 18 | 18.0
Dodging        | 5 6 7 |  7.8
Fighting       | 8 10 12 14 16 | 16.0

Action                   |  1- 3 |  4- 6 |  7- 9 | 10-12 || total
-------------------------+-------+-------+-------+-------++-------
Melee: Mace              |   123 |   197 |       |       ||   320
       Whip              |       |       |   252 |       ||   252
       Giant club        |       |       |    46 |   422 ||   468
Throw: Stone             |     2 |     5 |       |     7 ||    14
Invok: Berserk           |     3 |     4 |     9 |    18 ||    34
       Trog's Hand       |       |       |       |     5 ||     5
  Use: Scroll            |       |       |     1 |     6 ||     7
 Stab: Sleeping          |     1 |       |       |       ||     1
       Distracted        |       |       |     1 |     1 ||     2
  Eat: Chunk             |     4 |    14 |    21 |    27 ||    66
       Pizza             |       |       |       |     3 ||     3
       Bread ration      |       |       |       |     3 ||     3
Armor: Animal skin       |    47 |    41 |    40 |    36 ||   164
Dodge: Dodged            |    64 |    88 |   111 |   196 ||   459
